AoeStats
← KootH.

Four Lakes

503728753Analyzed
4v4 RM · 1mo ago on Sep 2, 2026· 30m 13s· 8 players
Game mode
Random Map
Map size
Large (8 player)
Population
200
Speed
Normal
Resources
Standard
Victory
Conquest
Starting age
Dark Age
Ending age
Imperial Age
RankedLock teamsTeams togetherTeam positionsShared explorationLock speedFull tech treeHidden civsTurbo modeCheats
Victory
Defeat
🇧🇷 Dravidians · Brazil
1598
+14
🇧🇷 Georgians · Brazil
1597
+14
🇧🇷 Britons · Brazil
1544
+16
🇲🇽 Huns · Mexico
1515
+18
🇺🇸 Ethiopians · United States
1577
-17
🇨🇴 Persians · Colombia
1561
-16
🇺🇸 Britons · United States
1560
-16
🇵🇪 Huns · Peru
1504
-13
GAX | ERV
6:49 Loom
9:35 Feudal Age
10:06 Double-Bit Axe
10:04 Fishing Lines
16:34 Scale Barding Armor
17:05 Forging
18:07 Bloodlines
21:44 Castle Age
21:08 Gold Mining
21:56 Light Cavalry
22:37 Husbandry
22:58 Chain Barding Armor
24:55 Gold Shaft Mining
24:32 Bow Saw
24:17 Gillnets
26:47 Iron Casting
26:50 Wheelbarrow
26:01 Town Watch
33:13 Imperial Age
GAX | Kareca
6:30 Loom
8:48 Feudal Age
9:23 Double-Bit Axe
14:02 Bloodlines
14:59 Scale Barding Armor
16:50 Fishing Lines
20:52 Castle Age
19:20 Horse Collar
19:58 Gold Mining
20:57 Light Cavalry
22:00 Chain Barding Armor
22:32 Husbandry
27:12 Town Watch
GAX | SãoPauloFC
3:07 Loom
9:49 Feudal Age
10:29 Town Watch
10:30 Double-Bit Axe
13:36 Fletching
19:49 Castle Age
18:52 Padded Archer Armor
18:50 Fishing Lines
19:52 Crossbowman
20:29 Bodkin Arrow
20:47 Bow Saw
20:29 Gold Mining
22:12 Ballistics
24:53 Wheelbarrow
30:29 Imperial Age
29:15 Stone Mining
30:12 Hand Cart
30:58 Leather Archer Armor
GAX | Lux
4:49 Loom
9:09 Feudal Age
15:05 Fletching
16:32 Padded Archer Armor
17:29 Double-Bit Axe
18:05 Horse Collar
18:53 Fishing Lines
23:55 Castle Age
22:51 Gold Mining
24:00 Stone Mining
23:59 Crossbowman
24:35 Bodkin Arrow
25:37 Leather Archer Armor
25:29 Town Watch
27:56 Gillnets
29:28 Ballistics
29:39 Bow Saw
30:12 Gold Shaft Mining
30:08 Heavy Plow
_LZ_
6:23 Loom
8:47 Feudal Age
9:23 Double-Bit Axe
14:52 Fletching
17:29 Fishing Lines
20:45 Gold Mining
24:41 Castle Age
25:28 Bodkin Arrow
24:55 Crossbowman
25:43 Thumb Ring
26:47 Bow Saw
26:55 Gillnets
28:19 Wheelbarrow
27:45 Padded Archer Armor
29:51 Hand Cart
ila
4:40 Loom
9:52 Feudal Age
11:06 Double-Bit Axe
11:14 Gold Mining
13:04 Fishing Lines
13:41 Horse Collar
16:32 Fletching
16:42 Padded Archer Armor
21:36 Wheelbarrow
23:36 Castle Age
24:00 Stone Mining
25:38 Hand Cart
25:19 Bodkin Arrow
25:56 Hand Cart
25:04 Crossbowman
P4tr1ckLML
8:27 Loom
11:01 Feudal Age
15:00 Castle Age
13:16 Double-Bit Axe
14:44 Scale Barding Armor
19:35 Husbandry
20:52 Bloodlines
21:59 Bow Saw
22:14 Horse Collar
24:40 Forging
25:37 Gold Mining
27:19 Heavy Plow
28:11 Chain Barding Armor
KootH.
6:29 Loom
8:50 Feudal Age
9:32 Double-Bit Axe
16:52 Bloodlines
24:19 Castle Age
24:36 Scale Barding Armor
25:15 Bow Saw
Connection lost

Rejoining the realm…

Still unreachable

The connection could not be restored.

Session expired

The server has moved on; the page needs a fresh start.